 Dungeon Crawl Stone Soup version 0.28-a0-206-gc2c9e32840 (webtiles) character file.

Game seed: 1725906203177827464

588 willcat the Covert (level 7, -1/32 (41) HPs)
             Began as a Kobold Delver on Aug 20, 2021.
             Was an Initiate of Gozag.
             Slain by a wight (6 damage)
             ... on level 6 of the Dungeon.
             The game lasted 00:02:00 (1290 turns).

willcat the Covert (Kobold Delver)                  Turns: 1290, Time: 00:02:01

HP:   -1/32 (41)    AC: 13    Str:  4    XL:     7   Next: 65%
MP:   7/7           EV:  8    Int: 12    God:    Gozag
Gold: 124           SH:  0    Dex: 18    Spells: 6/6 levels left

rFire   . . .      SeeInvis .   a - +0 short sword
rCold   . . .      Faith    .   (shield restricted)
rNeg    . . .      Spirit   .   o - +7 scale mail of the Hippo {Str-5 Slay+4}
rPois   .          Reflect  .   (no helmet)
rElec   .          Harm     .   (no cloak)
rCorr   .          Rampage  .   (no gloves)
Will    .....                   (no boots)
Stlth   ++++......              (no amulet)
HPRegen 0.10/turn               (no ring)
MPRegen 0.10/turn               (no ring)

@: gold aura, heavily drained
A: small, no large weapons, nightstalker 3
a: Renounce Religion, Potion Petition, Call Merchant, Bribe Branch


You were on level 6 of the Dungeon.
You worshipped Gozag.
Gozag was aware of your devotion.
You visited 2 branches of the dungeon, and saw 3 of its levels.

You collected 152 gold pieces.
You paid 28 gold pieces to Gozag.

Inventory:

Hand Weapons
 a - a +0 short sword (weapon)
 b - a +2 shortbow of flaming
Missiles
 k - 40 arrows
 m - 19 poisoned darts (quivered)
Armour
 j - a +0 leather armour
 o - the +7 scale mail of the Hippo (worn) {Str-5 Slay+4}
   (You found it on level 5 of the Dungeon)

   Str:       It affects your strength (-5).
   Slay:      It affects your accuracy & damage with ranged weapons and melee
   (+4).
Wands
 g - a wand of digging (3)
 i - a wand of paralysis (4)
 l - a wand of polymorph (11)
Scrolls
 c - a scroll of fog
 d - a scroll of magic mapping
 e - a scroll of fear
 h - 2 scrolls of holy word {unknown}
 n - a scroll of teleportation {unknown}
Potions
 f - a potion of haste
 p - a potion of heal wounds {unknown}


   Skills:
 - Level 3.2 Fighting
 + Level 5.5 Short Blades
 + Level 2.8 Bows
 + Level 1.1 Armour
 + Level 5.0 Dodging
 + Level 8.5 Stealth
 - Level 2.0 Evocations


You had 6 spell levels left.
You didn't know any spells.
Your spell library was empty.

Dungeon Overview and Level Annotations

Branches:
Dungeon (6/15)             Temple (1/1) D:5

Altars:
Cheibriados
Dithmenos
Fedhas
Gozag
Hepliaklqana
Kikubaaqudgha
Makhleb
Okawaru
Qazlal
Ru
Trog
Vehumet
Wu Jian
Xom
Yredelemnul
Zin
The Shining One


Innate Abilities, Weirdness & Mutations

You are small and have problems with some larger weapons.
You are completely attuned to the shadows.


Message History

Your scale mail of the Hippo prevents you from hitting the wight.
The wight is lightly damaged.
The wight hits you with a +2 falchion.
You feel drained.
You hit the wight.
The wight is lightly damaged.
The wight hits you with a +2 falchion.
You feel drained.
You hit the wight.
The wight is moderately damaged.
You hit the wight but do no damage.
The wight is moderately damaged.
The wight hits you but does no damage.
You hit the wight but do no damage.
The wight is moderately damaged.
The wight hits you with a +2 falchion.
You feel drained.
You closely miss the wight.
The wight is moderately damaged.
The wight is distracted by your dazzling golden aura.
You barely miss the wight.
The wight is no longer distracted by gold.
The wight is moderately damaged.
The wight hits you with a +2 falchion.
You feel drained.
You hit the wight.
The wight is heavily damaged.
The wight barely misses you.
You hit the wight.
The wight is severely damaged.
You hit the wight but do no damage.
The wight is severely damaged.
The wight hits you with a +2 falchion!
You hit the wight.
The wight is almost destroyed.
The wight hits you with a +2 falchion!
* * * LOW HITPOINT WARNING * * *
You feel drained.
* * * LOW HITPOINT WARNING * * *
You hit the wight but do no damage.
The wight is almost destroyed.
The wight hits you with a +2 falchion.
You die...
Your body crumbles into a pile of gold.

#.# #.# #. #.#
#.# #.####
##.#######.$...
##.....@z..#####
#.....####.# $
##...## #.#
##..### #.#
######..#....$.
....).......
######..#.##
#...... #.##...


You could see a wight.

Vanquished Creatures
  A sky beast (D:5)
  A black bear (D:5)
  2 ogres (D:6)
  A centaur (D:5)
  A scorpion (D:5)
  A wight (D:6)
  A centaur skeleton (D:5)
  An iguana (D:5)
  An adder (D:5)
  A white imp (D:5)
  An orc (D:5)
12 creatures vanquished.

Notes
Turn   | Place    | Note
-------+----------+-------------------------------------------
     0 | D:5      | willcat the Kobold Delver began the quest for the Orb.
     0 | D:5      | Reached XP level 1. HP: 14/14 MP: 1/1
    32 | D:5      | Noticed a centaur
    36 | D:5      | Killed a centaur
    37 | D:5      | Reached skill level 7 in Stealth
    37 | D:5      | Reached XP level 2. HP: 19/19 MP: 2/2
    37 | D:5      | Reached XP level 3. HP: 23/23 MP: 3/3
    37 | D:5      | Reached XP level 4. HP: 28/28 MP: 4/4
    68 | D:5      | Reached XP level 5. HP: 15/32 MP: 5/5
   475 | D:5      | Reached skill level 1 in Bows
   585 | D:5      | Noticed a black bear
   589 | D:5      | Killed a black bear
   590 | D:5      | Reached XP level 6. HP: 37/37 MP: 6/6
   601 | D:5      | Found a staircase to the Ecumenical Temple.
   641 | Temple   | Entered the Ecumenical Temple
   708 | Temple   | Became a worshipper of Gozag Ym Sagoz the Greedy
   772 | D:5      | Noticed a sky beast
   775 | D:5      | Identified the +7 scale mail of the Hippo {Str-5 Slay+4}
   811 | D:5      | Killed a sky beast
   812 | D:5      | Reached skill level 5 in Short Blades
   812 | D:5      | Reached skill level 8 in Stealth
  1096 | D:5      | Reached XP level 7. HP: 41/41 MP: 7/7
  1258 | D:6      | Reached skill level 1 in Armour
  1258 | D:6      | Reached skill level 5 in Dodging
  1290 | D:6      | Slain by a wight

Illustrated notes

Levels and vault maps discovered:
D:5:      layout_rooms, minmay_temple_entry_wispy, hangedman_decor_opposing
D:6:      layout_loops_corners, minmay_between
Temple:   dpeg_three_leaves_temple

Skill      XL: |  1  2  3  4  5  6  7 |
---------------+----------------------+-----
Short Blades   | 3 4 5 |  5.5
Dodging        | 3 4 5 |  5.0
Stealth        | 7 8 |  8.5
Evocations     | 2 |  2.0
Bows           | 1 2 |  2.8
Armour         | 1 |  1.1
Fighting       | |  3.2

Action                   |  1- 3 |  4- 6 |  7- 9 || total
-------------------------+-------+-------+-------++-------
Melee: Short sword       |     2 |    39 |    16 ||    57
 Fire: Shortbow          |       |    16 |       ||    16
Throw: Dart              |       |     6 |       ||     6
Evoke: Wand              |       |     3 |       ||     3
 Stab: Sleeping          |     2 |     2 |     3 ||     7
       Paralysed         |       |     2 |       ||     2
Armor: Leather armour    |       |    21 |       ||    21
       Scale mail        |       |       |     1 ||     1
Dodge: Dodged            |       |    59 |     2 ||    61

Table legend: (Time is in decaauts)
 A = Elapsed time spent in this place.
 B = Non-inter-level travel time spent in this place.
 C = Inter-level travel time spent in this place.
 D = Time resting spent in this place.
 E = Time spent auto-exploring this place.
 F = Levels seen in this place.
 G = Mean time per level.
                   A        B        C        D        E       F      G
               +--------+--------+--------+--------+--------+-----+--------+
         Total |   1283 |   1267 |     16 |    519 |    529 |   3 |  427.7 |
       Dungeon |   1205 |   1199 |      6 |    519 |    473 |   2 |  602.5 |
        Temple |     77 |     67 |     10 |      0 |     56 |   1 |   77.0 |
               +--------+--------+--------+--------+--------+-----+--------+

Top non-repeatable levels by time:
     D:5: 1123 daAuts
     D:6: 82 daAuts
  Temple: 77 daAuts
